 Dungeon Crawl Stone Soup version bcrawl-1.21.2-28-g2cb1824106 (webtiles) character file.

Game seed: 8925436024598129690

161 MisterOstroum the Stinger (level 5, -3/38 HPs)
             Began as an Oni Wizard on Mar 7, 2020.
             Slain by a centaur (4 damage)
             ... on level 4 of the Dungeon.
             The game lasted 00:07:39 (4535 turns).

MisterOstroum the Stinger (Oni Wizard)              Turns: 4535, Time: 00:07:39

Health: -3/38      AC:  2    Str: 11    XL:     5   Next: 42%
Magic:  10/13      EV: 12    Int: 20    God:
Gold:   269        SH:  0    Dex:  9    Spells: 5/12 levels left

rFire    . . .     SeeInvis .   t - +0 trident
rCold    . . .     Gourm    .   (no shield)
rNeg     . . .     Faith    .   b - +0 animal skin
rPois    .         Spirit   .   c - +0 hat
rElec    .         Reflect  .   (no cloak)
rCorr    .         Harm     .   (no gloves)
MR       .....                  (no boots)
Stlth    ++........             (no amulet)
HPRegen  0.12/turn              (no ring)
MPRegen  0.13/turn              (no ring)

@: no status effects
A: oni magic, claws 1, fangs 1, horns 1
a: no special abilities


You were on level 4 of the Dungeon.
You were not hungry.

You visited 1 branch of the dungeon, and saw 4 of its levels.

You collected 269 gold pieces.

Inventory:

Hand Weapons
 a - a +0 staff
 r - a +0 blowgun
 t - a +0 trident (weapon)
Missiles
 d - 156 sling bullets
 j - 912 stones (quivered)
 m - 463 bolts
 u - 17 poisoned needles
 x - 51 tomahawks
Armour
 b - a +0 animal skin (worn)
 c - a +0 hat (worn)
 o - a +0 cloak
Scrolls
 g - 2 scrolls of immolation {unknown}
 h - 3 scrolls of identify {unknown}
 i - a scroll of enchant armour {unknown}
 l - a scroll of teleportation {unknown}
 n - a scroll of fear {unknown}
 q - a scroll of enchant weapon {unknown}
 s - 2 scrolls of remove curse {unknown}
 w - a scroll of amnesia {unknown}
Potions
 f - a potion of brilliance
 k - 3 potions of curing {unknown}
 p - a potion of degeneration {unknown}
 v - a potion of resistance {unknown}
 z - 2 potions of mutation {unknown}
Comestibles
 e - 4 rations {!d}


   Skills:
 * Level 0.3 Fighting
 - Level 1.7 Dodging
 - Level 1.7 Stealth
 + Level 4.1 Spellcasting
   Level 4.1 Conjurations
   Level 4.1 Hexes
   Level 4.1 Charms
   Level 4.1 Summonings
   Level 4.1 Necromancy
   Level 4.1 Translocations
   Level 4.1 Transmutations
   Level 4.1 Fire Magic
   Level 4.1 Ice Magic
   Level 4.1 Air Magic
   Level 4.1 Earth Magic
   Level 4.1 Poison Magic


You had 5 spell levels left.
You knew the following spells:

 Your Spells              Type           Power        Failure   Level  Hunger
a - Magic Dart            Conj           ###.         1%          1    None
b - Shock                 Conj/Air       ###..        2%          1    None
c - Mephitic Cloud        Conj/Pois/Air  ###.....     8%          3    ###....
B - Blink                 Tloc           N/A          2%          2    #......

Your spell library contained the following spells:

 Spells                   Type           Power        Failure   Level  Hunger
 Throw Frost              Conj/Ice       ###...       1%          2    #......
 Call Imp                 Summ           ###...       2%          2    #......
 Conjure Flame            Conj/Fire      ###.....     7%          3    ###....
 Spider Form              Tmut/Pois      ###          7%          3    ###....


Dungeon Overview and Level Annotations

Branches:
Dungeon (4/12)
 Temple: D:4-7

Altars:
Ashenzari
Fedhas

Shops:
D:4 (

Annotations:
D:1 exclusion: upstairs
D:3 2 runed translucent doors, Ijyb; Mrkan's ghost, amateur KoRg


Innate Abilities, Weirdness & Mutations

You learn spells by gaining experience, not through books or religion.
You only train spellcasting to practice magic.
You have sharp fingernails.
You have very sharp teeth.
You have a pair of small horns on your head.


Message History

There is a stone staircase leading down here.
There is a stone staircase leading down here.
The sky beast hits you. The sky beast shocks you.
You climb downwards.
There is a stone staircase leading up here.
The sky beast barely misses you. The sky beast hits you.
The sky beast shocks you.
The sky beast flickers out of sight!
Deactivating autopickup; reactivate with Ctrl-A.
Search for what [Enter for "shaft", or ? for help]?
Unknown command.
A sky beast appears from thin air!
Reactivating autopickup.
You see here a +0 club.
The sky beast flickers out of sight!
Deactivating autopickup; reactivate with Ctrl-A.
There is a stone staircase leading down here.
A sky beast appears from thin air!
Reactivating autopickup.
There is a shaft here.
The sky beast is sucked into a shaft!
The shaft crumbles and collapses.
There is a stone staircase leading down here.
You eat one of the 5 rations {!d}.
That ration really hit the spot!
You climb downwards.
Level annotation: 2 runed translucent doors, Ijyb; Mrkan's ghost, amateur KoRg
There is a stone staircase leading up here.
You start resting.
HP restored.
(D) Dungeon
Where to? (Enter - D:3 @ (x,y), ? - help)
Okay, then.
There is a stone staircase leading up here.
You see here a club.
The leopard gecko hisses angrily.
You see here a club.
You see here 52 large rocks.
Partly explored, can't reach some items and places.
Partly explored, can't reach some items and places.
Partly explored, can't reach some items and places.
(D) Dungeon
Where to? (Enter - D:3 @ (x,y), ? - help)
You see here 52 large rocks.
You see here a short runed staff.
You see here a scale mail.
There is a stone staircase leading down here.
You climb downwards.
Near the exit of the stairs, a rune flashes!
You stop descending the stairs.
Your surroundings suddenly seem different.
An ooze, a worker ant and a giant cockroach come into view.
Found 3 scrolls labeled MUFAGEYSIRPH.
Okay, then.
Unknown command.
Casting: Magic Dart (safe; 1% risk of failure)
Confirm with . or Enter, or press ? or * to list all spells.
Aiming: Mephitic Cloud (safe; 8% risk of failure)
Press: ? - help, Shift-Dir - straight line, f - worker ant
Aim: a worker ant (resting)
Okay, then.
Unknown command.
The worker ant twitches its antennae in your direction.
Found a scimitar.
Casting: Mephitic Cloud (safe; 8% risk of failure)
Confirm with . or Enter, or press ? or * to list all spells.
Aiming: Mephitic Cloud (safe; 8% risk of failure)
Press: ? - help, Shift-Dir - straight line, f - worker ant
Aim: a worker ant The ball explodes into a vile cloud!
The stinking cloud engulfs the worker ant but does no damage.
The stinking cloud engulfs the giant cockroach but does no damage.
You hear a shout! x4
A centaur comes into view.
The worker ant is engulfed in noxious fumes.
The giant cockroach is engulfed in noxious fumes.
The giant cockroach appears confused.
Attack whom?
Press: ? - help, Dir - move target cursor, f/p - worker ant
Aim: a worker ant (lightly wounded)
You reach to attack!
You hit the worker ant.
The worker ant is lightly wounded.
The centaur wields a +0 shortbow.
The centaur shoots an arrow.
The arrow misses you. The worker ant barely misses you.
The giant cockroach is engulfed in noxious fumes.
The giant cockroach appears confused.
You barely miss the worker ant.
The worker ant is lightly wounded.
The worker ant bites you.
The centaur shoots an arrow.
The arrow hits you!
The centaur shoots an arrow.
The arrow hits you! The worker ant completely misses you.
The centaur unwields a +0 shortbow.
The centaur barely misses you. The ooze hits you.
The worker ant closely misses you.
Found 21 gold pieces.
You hit the centaur.
The centaur is moderately wounded.
The centaur hits you!
* * * LOW HITPOINT WARNING * * *
The ooze hits you.
* * * LOW HITPOINT WARNING * * *
The worker ant closely misses you. The centaur hits you.
You die...

$..# .......
≈...≈.. .......
♣≈.≈♣≈. .......
.≈...≈..##.......
...≈...≈.#.....
≈.≈♣≈.≈♣≈....##
...≈...≈.c....##
.≈...≈...@.....#
≈♣≈.≈♣≈.aJ.....#
.≈.?.≈.s.......#
...≈...........#
≈.≈♣≈.....°....#
)..≈.....°....##
.............##
##############


You could see a centaur, a worker ant, an ooze and a giant cockroach (confused).

Vanquished Creatures
  An iguana (D:2)
  An adder (D:3)
  3 worms (D:3)
  3 dart slugs
  6 leopard geckos
  11 orcs (D:3)
  6 bats
  4 giant cockroaches
  8 goblins
  11 hobgoblins
  9 jackals
  A quokka (D:1)
  7 frilled lizards
  6 kobolds
  13 rats
90 creatures vanquished.

Notes
Turn   | Place    | Note
-------+----------+-------------------------------------------
     0 | D:1      | MisterOstroum the Oni Wizard began the quest for the Orb.
     0 | D:1      | Reached XP level 1. HP: 14/14 MP: 5/5
   216 | D:1      | Reached XP level 2. HP: 20/20 MP: 4/7
   224 | D:1      | Learned a level 2 spell: Blink
   927 | D:1      | Reached XP level 3. HP: 26/26 MP: 0/9
   935 | D:1      | Reached skill level 3 in Spellcasting
  1394 | D:2      | Found a blossoming altar of Fedhas.
  1445 | D:2      | Found a shattered altar of Ashenzari.
  1456 | D:2      | Reached XP level 4. HP: 33/33 MP: 1/11
  1466 | D:2      | Learned a level 3 spell: Mephitic Cloud
  2832 | D:3      | Learned a level 1 spell: Shock
  2893 | D:3      | Noticed Ijyb
  3173 | D:3      | Reached XP level 5. HP: 33/38 MP: 8/12
  3183 | D:3      | Noticed a sky beast
  3225 | D:3      | Reached skill level 4 in Spellcasting
  3346 | D:3      | Found a runed translucent door.
  3355 | D:3      | Noticed Mrkan's ghost (amateur KoRg)
  3406 | D:3      | Found a runed translucent door.
  3558 | D:3      | Noticed a sky beast
  4528 | D:4      | Found Jaofou's Weapon Shop.
  4530 | D:4      | Noticed a centaur
  4535 | D:4      | HP: 1/38 [ooze (3)]
  4535 | D:4      | Slain by a centaur

Skill      XL: |  1  2  3  4  5 |
---------------+----------------+-----
Spellcasting   | 3 4 |  4.1
Fighting       | |  0.3
Dodging        | |  1.7
Stealth        | |  1.7
Conjurations   | |  4.1
Hexes          | |  4.1
Charms         | |  4.1
Summonings     | |  4.1
Necromancy     | |  4.1
Translocations | |  4.1
Transmutations | |  4.1
Fire Magic     | |  4.1
Ice Magic      | |  4.1
Air Magic      | |  4.1
Earth Magic    | |  4.1
Poison Magic   | |  4.1

Action                   |  1- 3 |  4- 6 || total
-------------------------+-------+-------++-------
Melee: Staff             |    15 |     9 ||    24
       Headbutt          |     2 |     1 ||     3
       Bite              |       |     1 ||     1
       Trident           |       |    25 ||    25
Throw: Stone             |     1 |       ||     1
 Cast: Magic Dart        |    95 |   100 ||   195
       Shock             |       |    22 ||    22
       Mephitic Cloud    |       |     1 ||     1
 Stab: Sleeping          |       |     3 ||     3
  Eat: Chunk             |     2 |     7 ||     9
       Ration            |       |     1 ||     1
Armor: Animal skin       |     9 |     9 ||    18
Dodge: Dodged            |    21 |    36 ||    57
